 Dungeon Crawl Stone Soup version 0.25.0-9-g26727b657a (webtiles) character file.

Game seed: 5789777030912100658

79 Lynxxx the Chopper (level 4, 0/40 HPs)
             Began as a Hill Orc Fighter on June 19, 2020.
             Slain by a goblin
             ... wielding a +0 club
              (4 damage)
             ... on level 3 of the Dungeon.
             The game lasted 00:06:26 (2405 turns).

Lynxxx the Chopper (Hill Orc Fighter)               Turns: 2405, Time: 00:06:29

Health: 0/40       AC:  3    Str: 19    XL:     4   Next: 37%
Magic:  4/4        EV:  7    Int:  8    God:
Gold:   76         SH:  9    Dex: 10    Spells: 3/3 levels left

rFire    . . .     SeeInvis .   a - +0 war axe
rCold    . . .     Gourm    .   c - +0 kite shield
rNeg     . . .     Faith    .   b - +0 scale mail
rPois    .         Spirit   .   (no helmet)
rElec    .         Reflect  .   (no cloak)
rCorr    .         Harm     .   (no gloves)
MR       .....                  (no boots)
Stlth    ..........             (no amulet)
HPRegen  0.13/turn              e - -4 ring of protection
MPRegen  0.09/turn              (no ring)

@: mighty
A: no striking features
a: Convert to Beogh


You were on level 3 of the Dungeon.
You were hungry.

You visited 1 branch of the dungeon, and saw 3 of its levels.

You collected 76 gold pieces.

Inventory:

Hand Weapons
 a - a +0 war axe (weapon)
 k - a +0 dagger of draining
Missiles
 h - 3 javelins (quivered)
Armour
 b - a +0 scale mail (worn)
 c - a +0 kite shield (worn)
Jewellery
 e - a -4 ring of protection (left hand)
Scrolls
 j - 2 scrolls of immolation
 o - a scroll of identify {unknown}
Potions
 d - a potion of might
 g - a potion of invisibility {unknown}
 i - 2 potions of magic {unknown}
Comestibles
 f - 3 rations


   Skills:
 + Level 4.0 Fighting
 + Level 4.3 Axes
 + Level 3.9 Armour
 + Level 0.5 Dodging
 + Level 0.1 Stealth
 + Level 3.6 Shields


You had 3 spell levels left.
You didn't know any spells.
Your spell library was empty.

Dungeon Overview and Level Annotations

Branches:
Dungeon (3/15)

Altars:


Message History

You kill the goblin!
The orc priest shouts, "Beogh is our master!
Accept the truth or die!"
You slash the orc!
You kill the orc!
You hit the orc. The bat barely misses you.
An orc comes into view. It is wielding a +0 dagger.
The orc priest calls down the wrath of Beogh upon you.
Beogh smites you!
* * * LOW HITPOINT WARNING * * *
A frilled lizard comes into view.
The orc priest threatens, "By the altar or by the axe, you will meet Beogh!"
You block the orc priest's attack. The goblin hits you but does no damage.
The frilled lizard hisses angrily.
As you read the scroll labeled QOMUONITEZ, it crumbles to dust.
You feel as if something is helping you.
It was a scroll of remove curse.
The orc priest hits you with a +0 falchion.
* * * LOW HITPOINT WARNING * * *
The goblin hits you with a +0 club.
You die...

#.......#
#....o..#
#...$...#
#.......###
.....o..#
..b...#
#g)g.##.##
#o@o..l..#
#.)o.....#
#..oo....#
##.......#
#..o....#
#.......#
#.......#
#.......#


You could see 2 orc priests, 6 orcs, a hobgoblin, a goblin, a bat and a frilled
lizard.

Vanquished Creatures
  3 oozes
  3 worms (D:2)
  A dart slug (D:2)
  A leopard gecko (D:2)
  5 orcs (D:3)
  A ball python (D:1)
  3 bats
  2 giant cockroaches (D:1)
  5 goblins
  8 hobgoblins
  6 jackals
  4 frilled lizards
  3 rats
45 creatures vanquished.

Notes
Turn   | Place    | Note
-------+----------+-------------------------------------------
     0 | D:1      | Lynxxx the Hill Orc Fighter began the quest for the Orb.
     0 | D:1      | Reached XP level 1. HP: 19/19 MP: 1/1
   193 | D:1      | Reached XP level 2. HP: 24/27 MP: 2/2
   768 | D:1      | Reached XP level 3. HP: 33/33 MP: 3/3
  1911 | D:2      | Reached XP level 4. HP: 40/40 MP: 4/4
  2405 | D:3      | Slain by a goblin

Illustrated notes

Levels and vault maps discovered:
D:1:      shiori_shiawase, layout_basic, minmay_tromino_v4_c
D:2:      layout_rooms, first_ration, minmay_misc_feat_diagonals,
          minmay_crystal_water
D:3:      layout_basic, chequers_ecumenical_altar_simple

Skill      XL: |  1  2  3 |
---------------+----------+-----
Axes           | 3 4 |  4.3
Fighting       | 4 |  4.0
Armour         | |  3.9
Dodging        | |  0.5
Stealth        | |  0.1
Shields        | |  3.6

Action                   |  1- 3 |  4- 6 || total
-------------------------+-------+-------++-------
Melee: War axe           |   116 |    33 ||   149
  Use: Scroll            |       |     3 ||     3
       Potion            |       |     1 ||     1
  Eat: Ration            |     1 |       ||     1
       Chunk             |       |     1 ||     1
Armor: Scale mail        |    35 |    14 ||    49
Dodge: Dodged            |    43 |    20 ||    63
Block: Kite shield       |    58 |    26 ||    84
